 Dungeon Crawl Stone Soup version 0.29-a0-322-g68df515428 (webtiles) character file.

Game seed: 13394975588844236387

1141 kae the Firebug (level 8, -1/46 HPs)
             Began as a Tengu Fire Elementalist on Apr 8, 2022.
             Killed by divine providence
             ... invoked by an orc priest
              (12 damage)
             ... on level 6 of the Dungeon.
             The game lasted 00:05:25 (8442 turns).

kae the Firebug (Tengu Fire Elementalist)           Turns: 8442, Time: 00:05:25

Health: -1/46      AC:  3    Str:  8    XL:     8   Next: 37%
Magic:  9/14       EV: 20    Int: 17    God:
Gold:   525        SH:  0    Dex: 16    Spells: 1/14 levels left

rFire   . . .      SeeInvis .   c - staff of conjuration
rCold   . . .      Faith    .   (no shield)
rNeg    . . .      Spirit   .   a - +1 robe
rPois   .          Reflect  .   (helmet restricted)
rElec   .          Harm     .   (no cloak)
rCorr   .          Rampage  .   (no gloves)
Will    .....                   (boots unavailable)
Stlth   ++........              (no amulet)
HPRegen 0.15/turn               j - +4 ring of evasion
MPRegen 0.14/turn               (no ring)

@: flying quickly and evasively, quick
A: beak, talons 3, nimble flight
a: no special abilities


You were on level 6 of the Dungeon.
You visited 1 branch of the dungeon, and saw 6 of its levels.
You also visited: Ossuary.

You collected 525 gold pieces.

Inventory:

Armour
 a - a +1 robe (worn)
Magical Staves
 c - a staff of conjuration (weapon)
Jewellery
 j - a +4 ring of evasion (left hand)
Wands
 f - a wand of acid (9)
Scrolls
 b - 2 scrolls of blinking
 d - a scroll of fear
 k - 2 scrolls of identify
 m - a scroll of enchant armour
Potions
 e - a potion of curing
 g - 2 potions of might
 h - a potion of haste
 i - a potion of degeneration {unknown}
 l - 2 potions of brilliance {unknown}
 n - 3 potions of mutation {unknown}
 o - 2 potions of flight {unknown}
 p - a potion of magic


   Skills:
 + Level 3.0 Fighting
 + Level 3.4 Staves
 + Level 3.3 Armour
 + Level 4.4 Dodging
 - Level 2.0 Stealth
 + Level 3.6 Spellcasting
 + Level 4.4 Conjurations
 + Level 5.0 Fire Magic
 + Level 3.1 Evocations


You had one spell level left.
You knew the following spells:

 Your Spells              Type           Power      Damage    Failure   Level
a - Foxfire               Conj/Fire      100%       2x1d9     2%          1
b - Scorch                Fire           40%        2d7       3%          2
c - Conjure Flame         Conj/Fire      28%        6-21      7%          3
d - Inner Flame           Hex/Fire       11%        N/A       17%         3
e - Flame Wave            Conj/Fire      28%        2d8       24%         4

Your spell library contained the following spells:

 Spells                   Type           Power      Damage    Failure   Level


Dungeon Overview and Level Annotations

Branches:
Dungeon (6/15)            Ossuary (visited)
 Temple: D:4-7

Altars:
Ashenzari
Elyvilon
Hepliaklqana
Kikubaaqudgha
Trog

Shops:
D:5 [

Annotations:
D:2 Sigmund
D:4 Dowan
D:5 1 runed translucent door, qborf's ghost, novice PaFi


Innate Abilities, Weirdness & Mutations

You have a beak for a mouth.
You have claws for feet.
Your magical nature lets you fly swiftly and evasively.


Message History

The orc priest casts a cantrip, but nothing happens.
The foxfire hits the orc priest.
You kill the orc priest!
The foxfire hits the orc priest.
The orc priest is moderately wounded.
Casting: Foxfire (safe; 2% risk of failure)
Confirm with . or Enter, or press ? or * to list all spells.
You feel a surge of power!
You conjure some foxfire!
The orc priest invokes the aid of Beogh against you.
Beogh smites you!
The foxfire hits something. x2
Casting: Foxfire (safe; 2% risk of failure)
Confirm with . or Enter, or press ? or * to list all spells.
You feel a surge of power!
You conjure some foxfire!
The foxfire hits the orc priest but does no damage.
The orc priest is moderately wounded.
You hear some strange, mumbled words.
Something tries to affect you, but you resist.
The foxfire hits something.
Something barely misses you.
Casting: Foxfire (safe; 2% risk of failure)
Confirm with . or Enter, or press ? or * to list all spells.
You feel a surge of power!
You conjure some foxfire!
The orc priest hits you with a +0 mace. Something hits you.
The foxfire hits something.
The foxfire hits the orc priest.
The orc priest is severely wounded.
The orc priest closely misses you. Something hits you but does no damage.
Casting: Foxfire (safe; 2% risk of failure)
Confirm with . or Enter, or press ? or * to list all spells.
You feel a surge of power!
You conjure some foxfire!
The orc priest calls down the wrath of Beogh upon you.
Beogh smites you!
You hear some strange, mumbled words.
A magic dart appears from out of thin air!
The magic dart hits you!
* * * LOW HITPOINT WARNING * * *
The foxfire hits something.
The foxfire hits the orc priest.
The orc priest is severely wounded.
The orc priest invokes the aid of Beogh against you.
Beogh smites you!
You die...

# #.# #.#.# # .# .#. #####
#.#># .. ... ...# #...#####...#
#.. #.#.#.## #.........†.####
#.##...#..# #...####.#.#.#.## .
..) #.#.# ##.####.........#
.###o##)..######.#...#.......##
.$..o)..#.#..).{@.#.#.........#
##.###{##..#####o#.###...>..)##
..........## #.###..........#
.###.###.#######.###.#...[...##
....o..§.o....................#
####################.#.#.#.#.##
#.....##### #######


You could see an orc priest.

Vanquished Creatures
  An ogre (D:4)
  A black bear (D:5)
  A phantom (D:6)
  2 scorpions
  A howler monkey (D:5)
  2 hounds
  A jelly (D:5)
  4 orc priests
  2 iguanas (D:5)
  Terence (D:2)
  Natasha (thrice) (D:2)
  4 orc wizards (D:5)
  2 mummies (Ossuary)
  5 gnolls
  7 adders
  An ufetubus (D:6)
  5 dart slugs
  13 orcs
  7 endoplasms
  A giant cockroach (D:2)
  A gnoll zombie (Ossuary)
  9 goblins
  7 hobgoblins
  4 jackals (D:4)
  7 quokkas
  10 ball pythons
  5 bats
  4 frilled lizards
  5 goblin zombies (Ossuary)
  7 hobgoblin zombies (Ossuary)
  9 kobolds
  An orc zombie (Ossuary)
  8 rats
141 creatures vanquished.

Vanquished Creatures (others)
  391 foxfires
  18 fungi (D:6)
409 creatures vanquished.

Grand Total: 550 creatures vanquished

Notes
Turn   | Place    | Note
-------+----------+-------------------------------------------
     0 | D:1      | kae the Tengu Fire Elementalist began the quest for the
                  | Orb.
     0 | D:1      | Reached XP level 1. HP: 10/10 MP: 4/4
    78 | D:1      | Reached XP level 2. HP: 8/15 MP: 1/6
   684 | D:1      | Reached XP level 3. HP: 20/20 MP: 5/7
   687 | D:1      | Learned a level 2 spell: Scorch
   691 | D:1      | Learned a level 3 spell: Conjure Flame
  1410 | D:1      | Reached skill level 1 in Evocations
  1594 | D:1      | Found a faded altar of an unknown god.
  1628 | D:1      | Reached skill level 1 in Staves
  1782 | D:2      | Noticed Natasha
  1787 | D:2      | Killed Natasha
  1788 | D:2      | Reached skill level 1 in Fighting
  1788 | D:2      | Reached skill level 1 in Armour
  1788 | D:2      | Reached XP level 4. HP: 18/25 MP: 3/8
  2201 | D:2      | Noticed Natasha
  2206 | D:2      | Killed Natasha
  2464 | D:2      | Gained mutation: Your magical nature lets you fly swiftly
                  | and evasively. [Tengu growth]
  2464 | D:2      | Reached XP level 5. HP: 29/29 MP: 5/9
  2623 | D:2      | Noticed Sigmund
  2750 | D:2      | Noticed Terence
  3057 | D:2      | Killed Terence
  3189 | D:2      | Noticed Natasha
  3536 | D:2      | Killed Natasha
  4212 | D:3      | Reached skill level 4 in Fire Magic
  4499 | D:3      | Reached XP level 6. HP: 34/34 MP: 7/11
  4503 | D:3      | Learned a level 3 spell: Inner Flame
  4655 | D:3      | Found a bloodstained altar of Trog.
  4772 | D:3      | Found a white marble altar of Elyvilon.
  4789 | D:3      | Found an ancient bone altar of Kikubaaqudgha.
  4805 | D:3      | Found a broken altar of Ashenzari.
  5288 | D:4      | Noticed Dowan
  5590 | D:4      | Found a sand-covered staircase.
  5612 | Ossuary  | Entered an ossuary
  6130 | D:5      | Entered Level 5 of the Dungeon
  6130 | D:5      | Found Digucuy's Armour Shop.
  6216 | D:5      | Reached XP level 7. HP: 40/40 MP: 8/12
  6988 | D:5      | Reached XP level 8. HP: 5/45 MP: 3/14
  7609 | D:5      | Found a runed translucent door.
  7623 | D:5      | Noticed qborf's ghost (novice PaFi)
  7858 | D:5      | Learned a level 4 spell: Flame Wave
  7915 | D:6      | Found a hazy altar of Hepliaklqana.
  8036 | D:6      | Reached skill level 5 in Fire Magic
  8137 | D:6      | HP: 2/46 [orc priest/divine providence (13)]
  8442 | D:6      | Killed from afar by an orc priest

Illustrated notes

Levels and vault maps discovered:
D:1:      dpeg_arrival_rooms_with_view, layout_loops_ring,
          dilly_ecumenical_altar_fadedgnrine, st_stairs_8,
          palyth_stone_intersect, minmay_pentomino_o4
D:2:      layout_loops_corners, uniq_natasha, uniq_sigmund, uniq_terence
D:3:      layout_basic, nicolae_overflow_quartered_altars, hex_medium,
          st_stairs_8
D:4:      layout_basic, enter_ossuary_1, lemuel_another_geyser, uniq_duvessa
D:5:      layout_loops_ring, ebering_ghost_sewer_d, minmay_holes,
          nicolae_stop_n_shop_1, minivault_26
D:6:      layout_loops_ring, nicolae_hepliaklqana_hazy_memory,
          dreamdust_mushroom_princess, grunt_ministairs_7,
          nicolae_concentric_dashed_squares_mild, glass_columns_a, st_stairs_4

Skill      XL: |  1  2  3  4  5  6  7  8 |
---------------+-------------------------+-----
Evocations     | 1 2 3 |  3.1
Staves         | 1 2 3 |  3.4
Fighting       | 1 2 3 |  3.0
Armour         | 1 2 3 |  3.3
Conjurations   | 2 3 4 |  4.4
Dodging        | 3 4 |  4.4
Fire Magic     | 4 5 |  5.0
Spellcasting   | 3 |  3.6
Stealth        | |  2.0

Action                   |  1- 3 |  4- 6 |  7- 9 || total
-------------------------+-------+-------+-------++-------
Melee: Staff             |    20 |    31 |    42 ||    93
       Kick              |     6 |     5 |     5 ||    16
       Peck              |     5 |    10 |     3 ||    18
 Cast: Foxfire           |    50 |   117 |    72 ||   239
       Scorch            |     8 |    21 |    20 ||    49
       Conjure Flame     |       |     3 |     1 ||     4
  Use: Scroll            |       |     7 |     1 ||     8
       Potion            |       |     2 |     6 ||     8
 Stab: Sleeping          |       |     1 |       ||     1
Armor: Robe              |     5 |     6 |    16 ||    27
       Skin              |       |       |    14 ||    14
Dodge: Dodged            |    14 |    50 |    60 ||   124

Table legend: (Time is in decaauts)
 A = Elapsed time spent in this place.
 B = Non-inter-level travel time spent in this place.
 C = Inter-level travel time spent in this place.
 D = Time resting spent in this place.
 E = Time spent auto-exploring this place.
 F = Levels seen in this place.
 G = Mean time per level.
                   A        B        C        D        E       F      G
               +--------+--------+--------+--------+--------+-----+--------+
         Total |   8195 |   7923 |    272 |   1206 |   5451 |   7 | 1170.7 |
       Dungeon |   7733 |   7461 |    272 |   1067 |   5218 |   6 | 1288.8 |
       Ossuary |    462 |    462 |      0 |    139 |    232 |   1 |  462.0 |
               +--------+--------+--------+--------+--------+-----+--------+

Top non-repeatable levels by time:
     D:1: 2178 daAuts
     D:5: 1972 daAuts
     D:2: 1858 daAuts
     D:3: 1032 daAuts
 Ossuary: 462 daAuts
     D:4: 429 daAuts
     D:6: 261 daAuts
